 Dungeon Crawl Stone Soup version 0.20-a0-299-gec7c366 (webtiles) character file.

158 Geomchi the Conjurer (level 5, -11/28 HPs)
             Began as a Deep Elf Conjurer on Dec 15, 2016.
             Killed by divine providence
             ... invoked by an orc priest
              (15 damage)
             ... on level 3 of the Dungeon.
             The game lasted 00:02:42 (2907 turns).

Geomchi the Conjurer (Deep Elf Conjurer)            Turns: 2907, Time: 00:02:42

Health: -11/28     AC:  2    Str:  5    XL:     5   Next: 16%
Magic:  5/14       EV: 13    Int: 21    God:
Gold:   177        SH:  0    Dex: 15    Spells: 1/13 levels left

rFire  . . .     SeeInvis .     x - +0 whip (elec)
rCold  . . .     Gourm    .     a - +0 robe
rNeg   . . .     Faith    .     (no shield)
rPois  .         Spirit   .     (no helmet)
rElec  .         Reflect  .     (no cloak)
rCorr  .         Harm     +     (no gloves)
MR     .....                    (no boots)
Stlth  +++.......               w - amulet of harm
                                (no ring)
                                y - ring of stealth

@: very slightly contaminated
A: no striking features
a: no special abilities


You were on level 3 of the Dungeon.
You were not hungry.

You visited 1 branch of the dungeon, and saw 3 of its levels.

You collected 177 gold pieces.

Inventory:

Hand Weapons
 x - a +0 whip of electrocution (weapon)
Armour
 a - a +0 robe (worn)
Jewellery
 w - an amulet of harm (around neck)
 y - a ring of stealth (left hand)
 A - an uncursed ring of magical power {unknown}
Wands
 t - a wand of slowing (34/48)
Scrolls
 d - 2 scrolls of teleportation {unknown}
 f - 4 scrolls of identify {unknown}
 g - a scroll of immolation {unknown}
 i - a scroll of enchant weapon {unknown}
 k - a scroll of noise {unknown}
 m - a scroll of random uselessness {unknown}
 o - 3 scrolls of remove curse {unknown}
 q - a scroll of fear {unknown}
 v - a scroll of enchant armour {unknown}
Potions
 e - 3 potions of brilliance {unknown}
 h - a potion of resistance {unknown}
 j - a potion of haste {unknown}
 l - a potion of magic {unknown}
 n - a potion of flight {unknown}
 s - a potion of mutation {unknown}
 B - a potion of curing {unknown}
Books
 b - a book of Conjurations

   Spells                             Type                      Level
   a - Magic Dart                     Conjuration                  1
   b - Searing Ray                    Conjuration                  2
   c - Dazzling Spray                 Conjuration/Hexes            3
   d - Fulminant Prism                Conjuration/Hexes            4
   e - Iskenderun's Mystic Blast      Conjuration                  4
   f - Iskenderun's Battlesphere      Conjuration/Charms           5
Comestibles
 c - 2 bread rations {@e1}
 p - 2 beef jerkies
 r - a meat ration {@e2}
 u - a royal jelly
 z - 4 chunks of flesh {@w0}


   Skills:
 - Level 2.4 Dodging
 - Level 2.4 Stealth
 + Level 4.8 Spellcasting
 + Level 6.3 Conjurations
 * Level 0.4 Charms


You had one spell level left.
You knew the following spells:

 Your Spells              Type           Power        Failure   Level  Hunger
a - Magic Dart            Conj           ####         1%          1    None
b - Searing Ray           Conj           ####..       1%          2    None
c - Iskenderun's Mystic   Conj           ####....     10%         4    ####...
d - Iskenderun's Battles  Conj/Chrm      ###.....     78%         5    #####..


Dungeon Overview and Level Annotations

Branches:
Dungeon (3/15)

Altars:
Ashenzari
Trog


Message History

Beogh smites you!
You take 13 damage, and have 15/28 hp.
MASSIVE DAMAGE!!
You now have 8/14 mp.
You start resting.
Some of the chunks of flesh in your inventory have rotted away.
Aim: an orc wizard, wielding a dagger and wearing a robe The searing ray misses the orc wizard.
The orc wizard gestures at you while chanting.
You resist with some effort.
You now have 7/14 mp.
The searing ray hits the orc priest.
The orc priest mumbles some strange prayers to Beogh against you.
Beogh smites you!
* * * LOW HITPOINT WARNING * * *
You hear a shout!
You take 11 damage, and have 4/28 hp.
MASSIVE DAMAGE!!
You now have 6/14 mp.
The searing ray hits the orc priest.
The orc priest calls down the wrath of Beogh upon you.
Beogh smites you!
Ouch! That really hurt!
You die...

######## #######......#
#............###########
#.>.....................
##............###########
#....oo..................
#......#@.....########...
#......######'# #...
#..)... .... #...
......o.o... ...... ##+#
).....(..### ....... #..
.....##?.## ####+#... ###
.......)..# ....
........o.##### <##+# .
............. ..


You could see an orc priest and an orc wizard.

Vanquished Creatures
  An orc wizard (D:3)
  A worker ant (D:3)
  3 adders
  2 oozes
  5 dart slugs
  4 leopard geckos
  6 orcs (D:3)
  A giant cockroach (D:3)
  2 goblins (D:1)
  6 hobgoblins
  8 kobolds
  A quokka (D:2)
  8 bats
  3 frilled lizards
  A quokka skeleton (D:3)
  3 rats
55 creatures vanquished.

Notes
Turn   | Place    | Note
-------+----------+-------------------------------------------
     0 | D:1      | Geomchi the Deep Elf Conjurer began the quest for the Orb.
     0 | D:1      | Reached XP level 1. HP: 10/10 MP: 6/6
   315 | D:1      | Reached XP level 2. HP: 15/15 MP: 1/8
   328 | D:1      | Learned a level 2 spell: Searing Ray
   819 | D:1      | Reached skill level 5 in Conjurations
  1209 | D:2      | Reached XP level 3. HP: 19/19 MP: 7/10
  1514 | D:2      | Found a bloodstained altar of Trog.
  1931 | D:2      | Reached XP level 4. HP: 17/24 MP: 8/12
  2108 | D:2      | Found a shattered altar of Ashenzari.
  2472 | D:2      | Learned a level 4 spell: Iskenderun's Mystic Blast
  2594 | D:3      | Reached skill level 6 in Conjurations
  2755 | D:3      | Reached XP level 5. HP: 28/28 MP: 8/14
  2762 | D:3      | Learned a level 5 spell: Iskenderun's Battlesphere
  2907 | D:3      | Killed from afar by an orc priest

Vault maps used:
D:1:      kilobyte_arrival_exit_the_forest, minmay_misc_feat_square
D:2:      ashenzari_altar_1, nicolae_overflow_crystal_walls, first_bread,
          minmay_pentomino_o2

Skill      XL: |  1  2  3  4 |
---------------+-------------+-----
Conjurations   | 5 6 |  6.3
Spellcasting   | 4 |  4.8
Dodging        | |  2.4
Stealth        | |  2.4
Charms         | |  0.4

Action                   |  1- 3 |  4- 6 || total
-------------------------+-------+-------++-------
 Cast: Magic Dart        |    69 |    37 ||   106
       Searing Ray       |     1 |     4 ||     5
  Eat: Chunk             |     3 |     3 ||     6
Armor: Robe              |     2 |       ||     2
Dodge: Dodged            |     9 |     5 ||    14
